Map: Ice and Chrome LE

Players

SortOf

  • Race: Zerg Zerg
  • League: Grandmaster
  • Spawn Location: 7:00

AGOElazer (Elazer) - Winner!

  • Race: Zerg Zerg
  • League: Master
  • Spawn Location: 1:00

Event: DreamHack SC2 Masters 2020 Fall

VOD

Have the link to the VOD?

Description

Time

  • Played on: Sept. 5, 2020, 1 p.m.
  • Length: 10:02

All games in this series

Show
View Real Time Build Order
Export as new Build Order

SortOf Zerg 

Build Orders: Hatch First 

Get SALT Encoding   

  12  0:00  Drone  
  13  0:12  Overlord  
  13  0:16  Drone  
  14  0:30  Drone x2  
  16  0:47  Hatchery  
  15  0:50  Drone  
  15  0:53  Drone  
  17  0:57  Drone  
  18  1:08  Extractor  
  17  1:12  Spawning Pool  
  17  1:15  Drone  
  17  1:20  Drone  
  18  1:29  Drone  
  19  1:38  Drone  
  20  1:51  Drone  
  21  1:59  Queen x2  
  21  2:00  Overlord  
  21  2:01  Zergling x2  
  26  2:09  Drone, Metabolic Boost  
  26  2:11  Drone  
  28  2:20  Zergling x2  
  29  2:32  Zergling x2  
  29  2:34  Queen  
  31  2:42  Drone x3  
  31  2:43  Overlord  
  33  3:00  Baneling Nest  
  33  3:02  Zergling x2  
  33  3:05  Drone  
  34  3:09  Drone x2  
  36  3:13  Overlord  
  36  3:25  Overlord  
  35  3:31  Overlord  
  35  3:33  Drone x3  
  39  3:35  Drone, Hatchery  
  39  3:38  Drone  
  39  3:40  Drone  
  41  3:50  Drone x4  
  41  3:54  Lair  
  45  3:57  Drone  
  45  3:59  Drone x2  
  48  4:04  Evolution Chamber  
  47  4:10  Drone  
  47  4:12  Drone, Roach Warren  
  47  4:16  Drone, Extractor x2  
  47  4:19  Drone x2  
  47  4:20  Drone  
  50  4:26  Overlord  
  50  4:27  Drone x2  
  52  4:31  Drone  
  53  4:39  Drone x3  
  53  4:44  Overlord  
  53  4:45  Extractor  
  55  4:47  Drone x2  
  55  4:49  Drone x3  
  60  4:57  Spire, Overseer  
  59  5:00  Drone  
  59  5:01  Drone  
  59  5:02  Drone x2  
  63  5:08  Roach, Overlord  
  63  5:09  Drone  
  66  5:16  Drone  
  66  5:18  Roach x2  
  71  5:24  Overlord  
  71  5:28  Overlord  
  71  5:29  Extractor  
  71  5:30  Overlord x2  
  71  5:32  Drone  
  71  5:33  Drone  
  71  5:35  Drone x2  
  74  5:39  Extractor, Spore Crawler  
  74  5:40  Spore Crawler  
  74  5:41  Spore Crawler  
  70  5:48  Drone x3, Overlord  
  73  5:53  Overlord  
  73  5:57  Roach x3  
  79  6:09  Mutalisk x5  
  83  6:14  Mutalisk  
  83  6:15  Zergling x2  
  83  6:16  Zergling x6  
  81  6:18  Mutalisk  
  81  6:20  Pneumatized Carapace  
  81  6:22  Mutalisk  
  81  6:25  Queen  
Show
View Real Time Build Order
Export as new Build Order

AGOElazer Zerg - Winner!

Build Orders: Pool First 

Get SALT Encoding   

  12  0:00  Drone  
  13  0:12  Overlord  
  13  0:19  Drone  
  14  0:30  Drone x2  
  16  0:40  Spawning Pool  
  15  0:44  Drone  
  15  0:47  Drone  
  17  1:07  Hatchery  
  17  1:11  Drone  
  17  1:25  Extractor  
  16  1:26  Zergling x4  
  16  1:28  Zergling x2  
  16  1:31  Queen  
  21  1:40  Overlord  
  21  1:50  Drone  
  22  2:01  Drone  
  23  2:07  Queen  
  25  2:10  Drone  
  26  2:20  Queen  
  26  2:21  Drone x2  
  30  2:34  Drone x2  
  32  2:40  Drone x3  
  32  2:41  Drone  
  36  2:48  Overlord  
  36  2:52  Lair  
  36  3:07  Drone x3  
  36  3:09  Drone  
  40  3:16  Evolution Chamber  
  40  3:18  Drone x5  
  44  3:28  Drone, Roach Warren  
  44  3:34  Overlord  
  44  3:35  Evolution Chamber  
  44  3:36  Extractor  
  44  3:37  Extractor  
  44  3:38  Drone  
  44  3:39  Drone  
  44  3:41  Drone  
  44  3:50  Drone, Spire  
  44  3:53  Drone  
  44  3:55  Drone, Extractor  
  46  3:58  Drone  
  46  3:59  Drone  
  46  4:02  Drone  
  48  4:03  Drone  
  48  4:05  Drone  
  50  4:12  Drone  
  50  4:13  Metabolic Boost  
  50  4:14  Drone  
  52  4:19  Overlord  
  52  4:23  Zerg Melee Weapons Level 1  
  52  4:26  Overlord  
  52  4:34  Overlord  
  52  4:39  Drone x2  
  52  4:43  Overlord  
  54  4:45  Drone  
  54  4:55  Drone  
  55  5:01  Mutalisk x3  
  55  5:02  Mutalisk  
  55  5:06  Mutalisk  
  65  5:08  Zergling x6  
  68  5:16  Mutalisk  
  70  5:24  Hatchery  
  70  5:28  Zergling x16  
  77  5:38  Overlord  
  77  5:41  Mutalisk  
  79  5:50  Mutalisk x2  
  79  5:55  Overlord  
  83  6:03  Overlord  
  83  6:07  Mutalisk x2  
  83  6:10  Zergling x8  
  88  6:21  Mutalisk x2  

Tags
 
Add a new tag
Caveats
  • Supply blocks, unpowered buildings, or Contaminate may cause inaccurate times.
  • Supply counts are checked every 10 seconds.